 Dungeon Crawl Stone Soup version 0.22-a0-299-g43f9854 (webtiles) character file.

23 sankara the Firebug (level 2, -1/19 HPs)
             Began as a Demonspawn Fire Elementalist on Mar 25, 2018.
             Slain by a goblin (4 damage)
             ... on level 1 of the Dungeon.
             The game lasted 00:03:42 (1028 turns).

sankara the Firebug (Demonspawn Fire Elementalist)  Turns: 1028, Time: 00:03:42

Health: -1/19      AC:  2    Str:  8    XL:     2   Next: 75%
Magic:  3/5        EV: 12    Int: 16    God:
Gold:   50         SH:  0    Dex: 13    Spells: 4/5 levels left

rFire    . . .     SeeInvis .   a - +0 dagger (venom)
rCold    . . .     Gourm    .   (no shield)
rNeg     . . .     Faith    .   d - +0 robe
rPois    .         Spirit   .   (no helmet)
rElec    .         Reflect  .   (no cloak)
rCorr    .         Harm     .   (no gloves)
MR       .....                  (no boots)
Stlth    ++........             (no amulet)
HPRegen  0.06/turn              (no ring)
MPRegen  0.09/turn              (no ring)

@: no status effects
A: rot immunity
a: no special abilities


You were on level 1 of the Dungeon.
You were hungry.

You visited 1 branch of the dungeon, and saw 2 of its levels.

You collected 50 gold pieces.

Inventory:

Hand Weapons
 a - a +0 dagger of venom (weapon)
   (You took it off a goblin on level 1 of the Dungeon)
Missiles
 g - 45 stones
 j - 3 tomahawks (quivered)
Armour
 d - a +0 robe (worn)
Scrolls
 b - 5 scrolls of identify {unknown}
 e - 2 scrolls of immolation {unknown}
 f - a scroll of teleportation {unknown}
 h - a scroll of enchant weapon {unknown}
Potions
 i - a potion of heal wounds {unknown}
Comestibles
 c - 3 rations


   Skills:
 - Level 1.7 Dodging
 - Level 1.7 Stealth
 + Level 2.4 Spellcasting
 + Level 1.6 Conjurations
 + Level 3.1 Fire Magic


You had 4 spell levels left.
You knew the following spells:

 Your Spells              Type           Power        Failure   Level  Hunger
a - Flame Tongue          Conj/Fire      #....        8%          1    #......


Dungeon Overview and Level Annotations

Branches:
Dungeon (2/15)

Altars:


Innate Abilities, Weirdness & Mutations

You are immune to rotting.


Message History

a - a +0 dagger of venom (weapon);
d - a +0 robe (worn)
g - 45 stones (gained 29) Done exploring.
Done exploring.
There is an escape hatch in the floor here.
You are feeling hungry.
There is a stone staircase leading down here.
You climb downwards.
Found 4 tomahawks and 20 bolts.
Found a faded altar of an unknown god.
There is a stone staircase leading up here.
A hobgoblin comes into view. It is wielding a club.
The hobgoblin shouts!
You see here 4 tomahawks.
j - 4 tomahawks Quiver which item? (- for none, * to show all) (? for menu, Esc to quit)
Quivering
j - 4 tomahawks for throwing.
Throwing (i - inventory. (/) - cycle)
j - 4 tomahawks (quivered)
Press: ? - help, Shift-Dir - straight line, f - hobgoblin
Aim: a hobgoblin, wielding a club You throw a tomahawk.
The tomahawk hits the hobgoblin.
The hobgoblin is almost dead.
A goblin comes into view.
A bat comes into view.
The goblin shouts!
You hit the hobgoblin but do no damage.
The hobgoblin is almost dead.
The bat hits you.
A giant cockroach comes into view.
You hit the hobgoblin.
You kill the hobgoblin!
The bat barely misses you.
The giant cockroach waves its antennae.
The bat hits you but does no damage.
You barely miss the bat. The bat hits you but does no damage.
A worm comes into view.
The bat hits you but does no damage.
You hit the bat.
You kill the bat!
You enter the shallow water.
Moving in this stuff is going to be slow.
The giant cockroach bites you. The goblin hits you.
The giant cockroach misses you. The goblin barely misses you.
You closely miss the goblin. The giant cockroach closely misses you.
The goblin closely misses you.
You barely miss the goblin.
The giant cockroach bites you but does no damage.
The goblin hits you.
Your unstable footing causes you to fumble your attack.
The giant cockroach barely misses you. The goblin misses you.
The giant cockroach misses you.
The giant cockroach bites you but does no damage.
The goblin hits you.
You are too injured to fight recklessly!
You are too injured to fight recklessly!
You are too injured to fight recklessly!
Casting: Flame Tongue (safe; 8% risk of failure)
Confirm with . or Enter, or press ? or * to list all spells.
Aiming: Flame Tongue (safe; 8% risk of failure)
Press: ? - help, Shift-Dir - straight line, f - giant cockroach
Aim: a giant cockroach (clinging)
The flame tongue hits the giant cockroach.
The giant cockroach is lightly wounded.
The giant cockroach completely misses you.
The goblin hits you.
Casting: Flame Tongue (safe; 8% risk of failure)
Confirm with . or Enter, or press ? or * to list all spells.
Aiming: Flame Tongue (safe; 8% risk of failure)
Press: ? - help, Shift-Dir - straight line, f/p - giant cockroach
Aim: a giant cockroach (lightly wounded, clinging)
The flame tongue hits the giant cockroach.
The giant cockroach is heavily wounded.
The giant cockroach barely misses you. The goblin hits you.
Casting: Flame Tongue (safe; 8% risk of failure)
Confirm with . or Enter, or press ? or * to list all spells.
Aiming: Flame Tongue (safe; 8% risk of failure)
Press: ? - help, Shift-Dir - straight line, f/p - giant cockroach
Aim: a giant cockroach (heavily wounded, clinging)
The flame tongue hits the giant cockroach.
The giant cockroach is almost dead.
The giant cockroach misses you. The goblin hits you.
* * * LOW HITPOINT WARNING * * *
The giant cockroach bites you.
* * * LOW HITPOINT WARNING * * *
You hit the giant cockroach but do no damage.
The giant cockroach is almost dead.
The giant cockroach misses you.
There is a stone staircase leading up here.
You barely miss the giant cockroach.
The giant cockroach is almost dead.
The giant cockroach misses you.
The goblin splashes around in the water.
The giant cockroach bites you.
* * * LOW HITPOINT WARNING * * *
The goblin misses you. The giant cockroach barely misses you.
You climb upwards.
There is a stone staircase leading down here.
You closely miss the giant cockroach.
The giant cockroach is severely wounded.
The goblin hits you.
You die...

#... ######## #...
#......# #...
####......###...
#.........#.....
#.##...###..#...
#.####...#.##.##
###.######...##.##
#@g...............
#s..##############
#.### # #.# #.#
#.#########
###.##......#
#....#.####.#
#....#.####.########


You could see a giant cockroach and a goblin.

Vanquished Creatures
  2 dart slugs (D:1)
  2 goblins (D:1)
  3 hobgoblins
  5 bats
  4 frilled lizards (D:1)
  2 kobolds (D:1)
  3 rats (D:1)
21 creatures vanquished.

Notes
Turn   | Place    | Note
-------+----------+-------------------------------------------
     0 | D:1      | sankara the Demonspawn Fire Elementalist began the quest for the Orb.
     0 | D:1      | Reached XP level 1. HP: 13/13 MP: 3/3
   228 | D:1      | Gained mutation: You are immune to rotting. [demonic ancestry]
   228 | D:1      | Reached XP level 2. HP: 19/19 MP: 1/5
   513 | D:1      | Reached skill level 3 in Fire Magic
   998 | D:2      | Found a faded altar of an unknown god.
  1019 | D:2      | HP: 4/19 [goblin (3)]
  1025 | D:2      | HP: 3/19 [giant cockroach (1)]
  1028 | D:1      | Slain by a goblin

Vault maps used:
D:1:      giann_bridges
D:2:      overflow_temple_1_default, chequers_ecumenical_altar_island,
          minmay_misc_feat_ornament

Skill      XL: |  1  2 |
---------------+-------+-----
Fire Magic     | 3 |  3.1
Dodging        | |  1.7
Stealth        | |  1.7
Spellcasting   | |  2.4
Conjurations   | |  1.6

Action                   || total
-------------------------++-------
Melee: Unarmed           ||    11
       Dagger            ||    10
Throw: Tomahawk          ||     1
 Cast: Flame Tongue      ||    28
 Stab: Sleeping          ||     1
Armor: Robe              ||    11
Dodge: Dodged            ||    35

Table legend:
 A = Spawn XP
 B = Non-spawn XP
 C = Spawn XP percentage of total XP
 D = Spawn monster count
 E = Non-spawn monster count
 F = Spawn count percentage of total count
 G = Total turns spent on level
                    A         B        C        D         E        F      G
               +---------+---------+-------+---------+---------+-------+---------
         Total |       0 |      34 |   0.0 |       0 |      21 |   0.0 |  1028
               +---------+---------+-------+---------+---------+-------+---------
           D:1 |       0 |      30 |   0.0 |       0 |      19 |   0.0 |   999
           D:2 |       0 |       4 |   0.0 |       0 |       2 |   0.0 |    29
               +---------+---------+-------+---------+---------+-------+---------

Vault maps used:
D:1:      giann_bridges
D:2:      overflow_temple_1_default, chequers_ecumenical_altar_island,
          minmay_misc_feat_ornament

Table legend:
 A = Turns spent in this place as a percentage of turns spent in the entire game.
 B = Non-inter-level travel turns spent in this place as a percentage of non-inter-level travel turns spent in the entire game.
 C = Inter-level travel turns spent in this place as a percentage of turns spent in this place.
 D = Turns resting spent in this place as a percentage of non-inter-level travel turns spent in this place.
 E = Turns spent auto-exploring this place as a percentage of non-inter-level travel turns spent in this place.
 F = Non-inter-level travel turns spent in this place divided by the number of levels of this place that you've seen.
                   A       B       C       D       E      F
               +-------+-------+-------+-------+-------+----------------------
         Total | 100.0 | 100.0 |   2.4 |  17.5 |  65.2 | 501.5
       Dungeon | 100.0 | 100.0 |   2.4 |  17.5 |  65.2 | 501.5
               +-------+-------+-------+-------+-------+----------------------

Table legend:
 A = Kills in this place as a percentage of kills in entire the game.
 B = Kills by you in this place as a percentage of kills by you in the entire game.
 C = Kills by friends in this place as a percentage of kills by friends in the entire game.
 D = Other kills in this place as a percentage of other kills in the entire game.
 E = Experience gained in this place as a percentage of experience gained in the entire game.
 F = Experience gained in this place divided by the number of levels of this place that you have seen.
                   A       B       C       D       E      F
               +-------+-------+-------+-------+-------+----------------------
         Total | 100.0 | 100.0 |   N/A |   N/A | 100.0 |  17.0
       Dungeon | 100.0 | 100.0 |   N/A |   N/A | 100.0 |  17.0
               +-------+-------+-------+-------+-------+----------------------
